 Dungeon Crawl Stone Soup version 0.19-a0-1068-g99dd0f4 (webtiles) character file.

35247 Charly the Unseen (level 13, -5/79 HPs)
             Began as a Vampire Enchanter on Aug 4, 2016.
             Was an Elder of Kikubaaqudgha.
             Slain by a spiny frog (21 damage)
             ... on level 4 of the Swamp.
             The game lasted 03:02:15 (8162 turns).

Charly the Unseen (Vampire Enchanter)               Turns: 8162, Time: 03:02:16

Health: -5/79      AC:  0    Str:  7    XL:     13   Next: 46%
Magic:  16/17      EV: 20    Int: 20    God:    Kikubaaqudgha [****..]
Gold:   873        SH:  0    Dex: 22    Spells: 5 memorised, 3 levels left

rFire  . . .     SeeInvis +     (weapon currently unavailable)
rCold  . . .     Gourm    .     (armour currently unavailable)
rNeg   + . .     Faith    .     (shield currently unavailable)
rPois  .         Spirit   .     (helmet currently unavailable)
rElec  .         Dismiss  .     (cloak currently unavailable)
rCorr  .         Reflect  .     (gloves currently unavailable)
SustAt .         Harm     .     (boots currently unavailable)
MR     +....                    (no amulet)
Stlth  +++++++++.               (ring currently unavailable)
                                (ring currently unavailable)

@: lethally poisoned (-5 -> -9), bat-form, flying, very slightly contaminated,
very quick
A: fangs 3, see invisible, (unbreathing)
a: End Transformation, Receive Corpses, Renounce Religion


You were on level 4 of the Swamp.
You worshipped Kikubaaqudgha.
Kikubaaqudgha was greatly pleased with you.
You were not thirsty.
You were in vampire-bat-form.
You visited 4 branches of the dungeon, and saw 27 of its levels.
You also visited: Labyrinth and Sewer.

You collected 873 gold pieces.

Inventory:

Hand Weapons
 a - the +9 rapier "Coxo" (melded) {pain, rC+ Int+2}
   (You found it on level 11 of the Dungeon)

   In the hands of one skilled in necromantic magic, it inflicts extra damage on
   living creatures.
   It affects your intelligence (+2).
   It protects you from cold.
Armour
 e - the +3 buckler of the Blacksmith (melded) {Str+2}
   (You found it in a labyrinth)

   It affects your strength (+2).
 j - the +2 ring mail of Sloth {rF- Int+6 Stlth+}
   (You found it on level 2 of the Lair of Beasts)

   It affects your intelligence (+6).
   It makes you vulnerable to fire.
   It makes you more stealthy.
 m - a +2 pair of boots (melded)
 o - a troll hide (melded)
 s - a +0 pair of gloves
 x - a +2 pair of gloves (melded)
Magical Staves
 q - an uncursed staff of air
 K - an uncursed staff of death
Rods
 y - a +3 iron rod (11/11)
   (You found it in a labyrinth)
Jewellery
 c - an uncursed ring of protection from cold
 f - a ring of protection from fire (melded)
 i - an uncursed ring of ice
 l - a ring of magical power (melded)
 p - an uncursed ring of poison resistance
 F - an uncursed ring of flight
Wands
 h - a wand of flame (25/48)
 k - a wand of lightning (7/15)
 n - a wand of digging (0/24)
 z - a wand of polymorph (6/24)
 G - a wand of disintegration (15/24)
Scrolls
 b - 2 scrolls of amnesia
 g - 5 scrolls of remove curse
 r - 2 scrolls of immolation
 A - a scroll of magic mapping
 E - a scroll of enchant weapon
 L - a scroll of identify
Potions
 d - 4 potions of flight
 u - a potion of cure mutation
 v - a potion of cancellation {unknown}
 w - a potion of haste {unknown}
Books
 t - Kikubaaqudgha's Guide on Dark Arts
   (Kikubaaqudgha gifted it to you on level 7 of the Dungeon)

   Spells                             Type                      Level
   a - Animate Skeleton               Necromancy                   1
   b - Corpse Rot                     Necromancy                   2
   c - Sublimation of Blood           Necromancy                   2
   d - Regeneration                   Charms/Necromancy            3
   e - Control Undead                 Necromancy                   4
 B - a book of Ice

   Spells                             Type                      Level
   a - Ice Form                       Ice/Transmutation            4
   b - Metabolic Englaciation         Hexes/Ice                    5
   c - Ozocubu's Refrigeration        Ice                          6
   d - Bolt of Cold                   Conjuration/Ice              6
   e - Freezing Cloud                 Conjuration/Ice/Air          6
   f - Simulacrum                     Ice/Necromancy               6
 C - a book of the Sky

   Spells                             Type                      Level
   a - Summon Lightning Spire         Summoning/Air                4
   b - Airstrike                      Air                          4
   c - Silence                        Hexes/Air                    5
   d - Deflect Missiles               Charms/Air                   6
   e - Conjure Ball Lightning         Conjuration/Air              6
   f - Tornado                        Air                          9
 H - Kikubaaqudgha's Incunabulum of Necromancy
   (Kikubaaqudgha gifted it to you on level 12 of the Dungeon)

   Spells                             Type                      Level
   a - Animate Dead                   Necromancy                   4
   b - Excruciating Wounds            Charms/Necromancy            5
   c - Dispel Undead                  Necromancy                   5
   d - Simulacrum                     Ice/Necromancy               6
   e - Death Channel                  Necromancy                   6
 M - a book of Unlife

   Spells                             Type                      Level
   a - Recall                         Summoning/Translocation      3
   b - Animate Dead                   Necromancy                   4
   c - Control Undead                 Necromancy                   4
   d - Cigotuvi's Embrace             Necromancy                   5
   e - Death Channel                  Necromancy                   6
   f - Simulacrum                     Ice/Necromancy               6
Miscellaneous
 D - a fan of gales


   Skills:
 + Level 7.7 Short Blades
 - Level 2.0 Armour
 - Level 2.1 Dodging
 - Level 17.3 Stealth
 - Level 4.0 Shields
 - Level 3.0 Spellcasting
 - Level 13.7 Hexes
 * Level 13.0 Necromancy
 + Level 9.6 Ice Magic


You had 3 spell levels left.
You knew the following spells:

 Your Spells              Type           Power        Failure   Level  Hunger
c - Confuse               Hex            ######..     1%          3    ###....
d - Tukima's Dance        Hex            ######..     1%          3    ###....
h - Ensorcelled Hibernat  Hex/Ice        #####.       1%          2    ##.....
s - Dazzling Spray        Conj/Hex       ####..       2%          3    ###....
A - Animate Dead          Necr           N/A          1%          4    ####...


Dungeon Overview and Level Annotations

Branches:
Dungeon (15/15)              Lair (6/6) D:9           Swamp (4/4) Lair:3
  Snake (0/4) Lair:3          Orc (2/2) D:12         Depths (0/5) D:15
 Temple: D:4-7        Slime: Lair:5-6       Elf: Orc:2       Vaults: D:13-14

Altars:
Kikubaaqudgha
Pakellas
Ru

Shops:
D:9 (   D:12 :

Annotations:
D:5 3 exclusions, Edmund
D:8 Kenran's ghost, novice HOMo
Lair:4 exclusions: upstairs and 3 more exclusions
Swamp:3 exclusion: downstairs


Innate Abilities, Weirdness & Mutations

You have razor-sharp teeth.
You have supernaturally acute eyesight. (SInv)
((You can survive without breathing.))


Message History

* * * LOW HITPOINT WARNING * * *
Unknown command.
Okay, then.
You fly out of the water as you turn into a vampire bat.
The +9 rapier "Coxo" {pain, rC+ Int+2} melds into your body.
Your +2 pair of gloves melds into your body.
Your +2 pair of boots melds into your body.
The +3 buckler of the Blacksmith {Str+2} melds into your body.
Your troll hide melds into your body.
Your ring of magical power melds into your body.
Your ring of protection from fire melds into your body.
You feel your magic capacity decrease.
You feel sick. The spiny frog misses you.
Unknown command.
The spiny frog closely misses you.
You feel sick.
You feel sick.
You feel sick. The spiny frog stings you!!
You die...
Kikubaaqudgha rasps: "You have failed me!
Welcome... oblivion!"

..♣♣♣♣≈..≈♣♣.≈≈.≈♣♣
....♣.≈≈.♣≈.≈≈≈≈.≈♣
≈≈.[≈.≈≈≈....≈≈≈.♣♣
..J..J≈≈≈≈≈..≈≈≈.♣
...≈≈ J≈≈≈.≈≈≈≈≈♣♣
≈..≈≈ .≈♣♣.≈≈....♣
≈≈.≈J≈..≈♣.≈≈≈...♣
≈≈≈≈≈≈..≈♣♣≈≈.≈≈.♣
D≈≈≈≈§=....≈≈≈≈≈b♣
≈J≈≈≈≈..≈≈≈≈≈≈≈F≈♣
≈..≈≈≈.♣≈≈≈≈≈≈≈≈≈♣
.≈♣≈≈≈..≈≈≈≈D≈≈.♣♣
...≈≈≈≈≈≈≈≈≈.♣♣
♣♣≈♣≈≈≈≈≈≈≈≈≈≈≈≈♣
♣≈.♣≈≈≈≈≈≈≈..≈≈.♣
♣♣♣.♣♣♣.≈≈≈...≈:.≈♣
.≈§≈.§♣≈≈≈..♣♣♣♣.%≈♣


You could see a five-headed hydra and a spiny frog.

Vanquished Creatures
  A thorn hunter (Swamp:1)
  A minotaur (Lab)
  A centaur warrior (D:13)
  A ghost crab (Swamp:3)
  2 alligators (Swamp:3)
  A death yak (Lair:4)
  2 unseen horrors (D:13)
  A swamp dragon (Swamp:2)
  A shambling mangrove (Swamp:3)
  A hill giant (D:10)
  A deep elf mage (D:15)
  2 griffons
  A cyclops (D:12)
  3 ugly things
  A centaur zombie (D:15)
  A guardian serpent (Lair:3)
  A black mamba (Lair:5)
  2 gargoyles
  8 spiny frogs
  A centaur skeleton (D:12)
  A yaktaur (D:13)
  2 komodo dragons
  A rime drake (Lair:5)
  A merfolk (shapeshifter) (D:13)
  A queen bee (shapeshifter) (D:13)
  6 trolls
  A polar bear (shapeshifter) (D:13)
  A giant leech (Swamp:1)
  5 blink frogs
  A bog body (Swamp:3)
  3 slime creatures
  24 yaks
  A wraith (Swamp:2)
  2 basilisks
  A hippogriff (Lair:6)
  4 hungry ghosts (Lab)
  8 insubstantial wisps (Swamp:3)
  6 vampire mosquitoes
  4 swamp worms
  A mottled dragon (D:12)
  6 water moccasins
  A soldier ant (D:13)
  3 porcupines
  A wasp (Swamp:2)
  8 orc warriors
  3 swamp drakes
  A black bear (Lair:4)
  2 sky beasts
  2 ice beasts (D:12)
  2 wolves (Lair:5)
  A boggart (D:13)
  6 centaurs
  5 ogres
  9 crocodiles
  2 big kobolds
  6 giant frogs
  4 scorpions
  10 killer bees
  5 wights (D:10)
  A howler monkey (D:7)
  A giant frog zombie (D:9)
  2 quasits
  5 hounds
  A jelly (D:12)
  6 orc wizards
  3 giant frog skeletons
  2 orc priests (Orc:1)
  Jessica (D:3)
  3 iguanas
  7 worker ants
  8 sheep (Lair:6)
  2 worker ant zombies
  3 adders
  34 river rats
  2 shadow imps
  An adder zombie (D:9)
  A worm (D:5)
  A dart slug (D:1)
  3 giant geckos
  36 orcs
  6 bats
  3 giant cockroaches
  6 goblins
  7 hobgoblins
  7 jackals
  A quokka (D:9)
  6 giant newts
  9 kobolds
  A quokka zombie (D:9)
  6 rats
  4 fungi
363 creatures vanquished.

Vanquished Creatures (collateral kills)
  A thorn hunter (Swamp:3)
  An alligator (Swamp:3)
  A dancing weapon (D:13)
  A shambling mangrove (Swamp:3)
  A spiny frog (Swamp:3)
  A komodo dragon (Lair:6)
  A giant leech (Swamp:3)
  A bog body (Swamp:3)
  2 insubstantial wisps (Swamp:3)
  3 swamp worms (Swamp:3)
  2 wasps (Swamp:3)
  Blork the orc (D:5)
  A giant frog (D:13)
  3 sheep (Lair:6)
  A howler monkey zombie (D:11)
  3 river rats (Lair:6)
  A briar patch (Swamp:3)
25 creatures vanquished.

Vanquished Creatures (others)
  A dancing weapon (D:7)
  A briar patch (Swamp:3)
  10 fungi
  11 plants
23 creatures vanquished.

Grand Total: 411 creatures vanquished

Notes
Turn   | Place    | Note
-------+----------+-------------------------------------------
     0 | D:1      | Charly the Vampire Enchanter began the quest for the Orb.
     0 | D:1      | Reached XP level 1. HP: 13/13 MP: 3/3
   121 | D:1      | Reached XP level 2. HP: 15/19 MP: 3/5
   125 | D:1      | Learned a level 2 spell: Ensorcelled Hibernation
   142 | D:1      | Reached skill level 5 in Hexes
   307 | D:1      | Reached skill level 5 in Stealth
   488 | D:2      | Reached XP level 3. HP: 14/24 MP: 2/6
   598 | D:3      | Found an oddly glowing altar of Pakellas.
   615 | D:3      | Noticed Jessica
   620 | D:3      | Killed Jessica
   620 | D:3      | Reached skill level 6 in Stealth
   626 | D:3      | Found an ancient bone altar of Kikubaaqudgha.
   634 | D:3      | Became a worshipper of Kikubaaqudgha
   641 | D:3      | Reached XP level 4. HP: 30/30 MP: 0/7
   683 | D:5      | Entered Level 5 of the Dungeon
   692 | D:5      | Learned a level 3 spell: Tukima's Dance
   712 | D:5      | Noticed Blork the orc
   727 | D:5      | Killed Blork the orc
   727 | D:5      | Reached skill level 1 in Ice Magic
   768 | D:5      | Noticed an ogre
   777 | D:5      | Killed an ogre
   777 | D:5      | Reached skill level 7 in Stealth
   777 | D:5      | Reached XP level 5. HP: 26/35 MP: 0/8
   846 | D:5      | Noticed Edmund
   852 | D:5      | Noticed a centaur
   856 | D:5      | HP: 2/52 [centaur (3)]
   863 | D:5      | Killed a centaur
   863 | D:5      | Reached XP level 6. HP: 13/41 MP: 0/9
   967 | D:6      | Noticed an ice beast
  1070 | D:5      | Reached skill level 8 in Stealth
  1096 | D:5      | Noticed a water moccasin
  1173 | D:5      | Found a glowing drain.
  1177 | Sewer    | Entered a sewer
  1290 | Sewer    | Found a white marble altar of Elyvilon.
  1431 | D:7      | Reached * piety under Kikubaaqudgha
  1431 | D:7      | Received a gift from Kikubaaqudgha
  1431 | D:7      | Reached XP level 7. HP: 46/46 MP: 7/10
  1432 | D:7      | Identified Kikubaaqudgha's Guide on Dark Arts (Kikubaaqudgha gifted it to you on level 7 of the Dungeon)
  1449 | D:6      | Learned a level 3 spell: Confuse
  1451 | D:6      | Learned a level 1 spell: Animate Skeleton
  1599 | D:8      | Reached skill level 9 in Stealth
  1627 | D:8      | Noticed Kenran's ghost (novice HOMo)
  1753 | D:9      | Noticed a troll
  1777 | D:9      | Killed a troll
  1792 | D:10     | Entered Level 10 of the Dungeon
  1837 | D:10     | Noticed a hill giant
  1882 | D:10     | Killed a hill giant
  1882 | D:10     | Reached skill level 10 in Stealth
  1882 | D:10     | Reached skill level 10 in Hexes
  1882 | D:10     | Reached XP level 8. HP: 35/52 MP: 2/11
  1992 | D:9      | Noticed a troll
  2010 | D:9      | Killed a troll
  2010 | D:9      | Reached skill level 11 in Stealth
  2050 | D:9      | timbw: ugh
  2054 | D:9      | timbw: vampire
  2066 | D:9      | Charly: whats wrong with vampire?
  2075 | D:9      | Found Ossuyb's Weapon Emporium.
  2079 | D:9      | timbw: whats not wrong with them
  2079 | D:9      | timbw: xd
  2079 | D:9      | Charly: torm resistance
  2079 | D:9      | Charly: bat form
  2079 | D:9      | Charly: rP
  2079 | D:9      | Charly: great aps
  2079 | D:9      | timbw: fiddley fucking hunger clock
  2079 | D:9      | timbw: all of those things are barely useable
  2079 | D:9      | Charly: I get corpses form Kiku
  2079 | D:9      | Charly: besides, wanted to try somethign else
  2110 | D:9      | Reached XP level 9. HP: 57/57 MP: 12/12
  2134 | D:9      | Found a staircase to the Lair.
  2193 | D:9      | Learned a level 3 spell: Dazzling Spray
  2249 | D:10     | Found a sacrificial altar of Ru.
  2264 | D:10     | Reached skill level 12 in Stealth
  2303 | D:10     | Reached ** piety under Kikubaaqudgha
  2388 | D:11     | Noticed a centaur warrior
  2425 | D:10     | Noticed a troll
  2429 | D:10     | Killed a troll
  2515 | D:11     | Noticed a troll
  2532 | D:11     | Killed a troll
  2532 | D:11     | Reached skill level 5 in Ice Magic
  2579 | D:11     | Got an encrusted rapier
  2580 | D:11     | Identified the +9 rapier "Coxo" {pain, rC+ Int+2} (You found it on level 11 of the Dungeon)
  2581 | D:11     | Charly: sonice
  2581 | D:11     | timbw: yeah
  2581 | D:11     | Charly: especially that im gonna train lots of necro
  2581 | D:11     | timbw: thats going to slaughter lair
  2581 | D:11     | timbw: what is it
  2581 | D:11     | Charly: absolutely
  2581 | D:11     | timbw: like 11 necro and it its equevialent to elec
  2581 | D:11     | Sapher: a relaxing run?
  2581 | D:11     | Charly: hi Saph
  2581 | D:11     | Charly: yea
  2581 | D:11     | Charly: I need a break from trying to beat your DD ;p
  2581 | D:11     | Charly: at least few months
  2581 | D:11     | Sapher: good) because i wanna beat it myself))
  2581 | D:11     | Charly: if it goes down to 17k I probabyl wont even try
  2581 | D:11     | Charly: once you go below 20k rest is only a matter of luck I guess
  2581 | D:11     | Sapher: hard to tell...
  2581 | D:11     | Charly: and to beat 18k you need shitload of it, like my last run
  2581 | D:11     | Sapher: i am still not sure how much luck you need...
  2581 | D:11     | Sapher: skill is very important
  2581 | D:11     | Torious: hello
  2581 | D:11     | Charly: skill and concentration
  2581 | D:11     | Charly: hi
  2581 | D:11     | Charly: you gotta stay 100% focused throughout whole run
  2581 | D:11     | Sapher: yea
  2581 | D:11     | timbw: maybe its not so much about luck as it is avoiding bad luck
  2581 | D:11     | timbw: a shitty pan or abyss can screw over any run
  2581 | D:11     | Charly: this swell
  2581 | D:11     | Charly: but believe me you need lcuk to beat 19k
  2581 | D:11     | Charly: a lot of it
  2581 | D:11     | Charly: ??pain brand
  2581 | D:11     | beem: pain brand[1/2]: Brand which inflicts 1d(necromancy skill) extra damage on necro out of necro+1 successful hits. Does not affect those with rN (demons, undead, unliving, shadow dragons, death drakes, holies). (For the record, a monster's necromancy skill is HD/2, HD if undead or demonic, 0 if mindless/animal). Begins to edge out {elec brand} at 6 skill.
  2581 | D:11     | Turgon: ??pizza
  2581 | D:11     | beem: food[1/3]: Goes in mouth/beak. Without carnivore or herbivore: Meat is 5000 nutrition. Bread is 4400 nutrition. Royal jelly is 2000 nutrition. A chunk is 1000 nutrition. Fruit is 850. Beef jerky/pizza is 1500.
  2581 | D:11     | Turgon: ??corona
  2581 | D:11     | beem: corona[1/1]: Outlines the target in light, making them easier to hit (by boosting your to-hit randomly between 2 and 9). Makes invisible things (temporarily) visible. Tastes less pissy with a wedge of lime. Don't leave it in direct sunlight.
  2605 | D:11     | Reached skill level 13 in Stealth
  2605 | D:11     | Reached skill level 1 in Necromancy
  2709 | D:11     | Reached XP level 10. HP: 63/63 MP: 12/13
  2726 | D:12     | Found a labyrinth entrance.
  2726 | D:12     | Noticed a gargoyle
  2730 | D:12     | Killed a gargoyle
  2737 | D:12     | Reached skill level 14 in Stealth
  2745 | Lab      | Entered a labyrinth
  3116 | Lab      | Noticed a minotaur
  3118 | Lab      | Killed a minotaur
  3118 | Lab      | Reached skill level 5 in Necromancy
  3120 | Lab      | Charly: brb
  3120 | Lab      | Got a faintly glowing buckler
  3128 | Lab      | Identified the +3 buckler of the Blacksmith {Str+2} (You found it in a labyrinth)
  3218 | D:11     | Noticed a cyan ugly thing
  3221 | D:11     | Reached skill level 1 in Shields
  3252 | D:11     | Killed a cyan ugly thing
  3252 | D:11     | Reached skill level 15 in Stealth
  3411 | D:12     | Reached *** piety under Kikubaaqudgha
  3411 | D:12     | Received a gift from Kikubaaqudgha
  3419 | D:12     | Identified Kikubaaqudgha's Incunabulum of Necromancy (Kikubaaqudgha gifted it to you on level 12 of the Dungeon)
  3433 | D:12     | Found a staircase to the Orcish Mines.
  3534 | D:12     | Noticed a cyclops
  3687 | Lair:1   | Entered Level 1 of the Lair of Beasts
  3748 | Lair:1   | Reached XP level 11. HP: 43/68 MP: 14/14
  4142 | Lair:4   | Noticed a death yak
  4169 | Lair:4   | Noticed a death yak
  4199 | Lair:4   | Noticed a death yak
  4199 | Lair:4   | Noticed a death yak
  4211 | Lair:4   | Killed a death yak
  4301 | Lair:4   | Reached skill level 16 in Stealth
  4425 | Lair:4   | Found a frozen archway.
  4479 | Lair:5   | Noticed a four-headed hydra
  4563 | Lair:5   | Reached **** piety under Kikubaaqudgha
  4602 | Lair:6   | Entered Level 6 of the Lair of Beasts
  4616 | Lair:6   | Noticed a six-headed hydra
  4647 | Lair:5   | Charly: @?wolf
  4647 | Lair:5   | beem: wolf (h)
                  | Spd:
    17 | HD: 4    | HP: 18-26
                  | AC/EV: 4/15
                  | Dam: 12
                  | see invisible
                  | Res: magic(20), blind
                  | XP:
   116 | Sz: Medium | Int: animal.
  4945 | Lair:6   | Noticed a griffon
  4989 | Lair:5   | Killed a griffon
  4989 | Lair:5   | Reached skill level 17 in Stealth
  5005 | Lair:5   | Learned a level 4 spell: Animate Dead
  5033 | Lair:6   | Noticed a death yak
  5033 | Lair:6   | Noticed a death yak
  5046 | Lair:6   | Noticed a death yak
  5048 | Lair:6   | Noticed a death yak
  5052 | Lair:6   | Noticed a death yak
  5159 | Lair:6   | Reached XP level 12. HP: 65/74 MP: 4/16
  5388 | Lair:3   | Found a staircase to the Swamp.
  5425 | Lair:3   | Found a staircase to the Snake Pit.
  5765 | D:12     | Reached skill level 10 in Necromancy
  5810 | Orc:1    | Entered Level 1 of the Orcish Mines
  5862 | D:12     | HP: 3/74 [orc/short sword (6)]
  5998 | D:13     | Reached ***** piety under Kikubaaqudgha
  6005 | D:13     | Noticed a frost giant
  6074 | D:12     | Reached skill level 1 in Armour
  6150 | D:12     | Found Fets's Book Boutique.
  6360 | D:13     | Noticed a stone giant
  6499 | D:15     | Entered Level 15 of the Dungeon
  6528 | D:15     | Reached skill level 5 in Short Blades
  6543 | D:15     | Found a staircase to the Depths.
  6543 | D:15     | Noticed a fire giant
  6587 | D:14     | Noticed a tengu warrior
  6657 | D:13     | Noticed a centaur warrior
  6659 | D:13     | Killed a centaur warrior
  6856 | Orc:2    | Entered Level 2 of the Orcish Mines
  7007 | Lair:2   | Got a distressingly furry ring mail
  7018 | Lair:2   | Identified the +2 ring mail of Sloth {rF- Int+6 Stlth+} (You found it on level 2 of the Lair of Beasts)
  7165 | Swamp:1  | Entered Level 1 of the Swamp
  7165 | Swamp:1  | Noticed a thorn hunter
  7167 | Swamp:1  | Killed a thorn hunter
  7167 | Swamp:1  | Reached XP level 13. HP: 62/79 MP: 17/17
  7252 | Swamp:4  | Entered Level 4 of the Swamp
  7298 | Swamp:3  | Noticed a thorn hunter
  7665 | Swamp:3  | Killed a thorn hunter
  7673 | Swamp:3  | Noticed a tentacled monstrosity
  7988 | Swamp:3  | Charly: @?tentacled monstrosity
  7988 | Swamp:3  | beem: tentacled monstrosity (X)
                  | Spd:
    10 | HD: 23   | HP: 104-149
                  | AC/EV: 5/5
                  | Dam: 22, 17, 13, 9(constrict)
                  | demonic, doors, amphibious, evil, see invisible
                  | Res: magic(160), fire, cold, elec, poison, drown, rot, neg+++, torm
                  | Vul: holy++
                  | XP:
  2962 | Sz: Giant | Int: human.
  8162 | Swamp:4  | Slain by a spiny frog

Vault maps used:
D:1:      shiori_arrival_maze, hangedman_abyss_or_decor_lesser_grid
D:2:      minmay_misc_feat_hallway
D:3:      overflow_temple_1_default, johnstein_pakellas_dig, uniq_jessica,
          uniq_terence
D:4:      first_bread, minivault_26, fedhas_altar_3
D:5:      gup_sewer_entry_bowl, serial_shops,
          nicolae_shop_temple_entry_statues_fountains, uniq_edmund,
          uniq_blork_the_orc, uniq_crazy_yiuf_cottage
D:6:      nicolae_benzene_ring
D:8:      hangedman_little_slice_of_home
D:9:      due_lair_maze_entry_diamond, serial_shops, shop
D:10:     hangedman_ru_absence
D:11:     uniq_nergalle
D:12:     david_orc_2, serial_shops, shop, lab_entry_generic
D:13:     minmay_chopped_fan, uniq_frances
D:14:     hangedman_vaults_entry_quadrant_bands,
          nemelex_xobeh_ov_fountains_minmay, minivault_12
D:15:     grunt_enter_depths_giant_problem, serial_bayou_shore_a
Lair:3:   swamp_mist_pool, minmay_snake_entry_spellcaster
Lair:4:   regret_index_harrowing_hell_hive, portal_ice_cave_demonic_guard,
          grunt_megastairs_5
Lair:5:   special_room
Lair:6:   wormcave, guppyfry_lair_end_dragon, slime_dummy, grunt_megastairs_3
Swamp:1:  nicolae_swamp_fairy_circle, infiniplex_staircase_pool, uniq_josephine
Swamp:2:  evilmike_swamp_ruin_house_2
Swamp:3:  evilmike_swamp_ruin_house_4
Swamp:4:  swamp_old_school, uniq_bai_suzhen
Orc:1:    basic_altar
Orc:2:    grunt_orc_cross, abandoned_shop
Lab:      nicolae_lab_arrow
Sewer:    sewer_kobolds

Skill      XL: |  1  2  3  4  5  6  7  8  9 10 11 12 13 |
---------------+----------------------------------------+-----
Hexes          | 5 6 7 8 10 11 12 13 | 13.7
Stealth        | 5 6 7 8 10 11 13 15 17 | 17.3
Ice Magic      | 1 2 3 4 5 7 8 9 |  9.6
Short Blades   | 2 3 4 6 7 |  7.7
Necromancy     | 3 6 9 11 13 | 13.0
Shields        | 1 3 4 |  4.0
Spellcasting   | 3 |  3.0
Armour         | 2 |  2.0
Dodging        | |  2.1

Action                   |  1- 3 |  4- 6 |  7- 9 | 10-12 | 13-15 || total
-------------------------+-------+-------+-------+-------+-------++-------
Melee: Dagger            |    59 |     4 |       |       |       ||    63
       Bite              |     4 |     3 |    16 |    27 |     7 ||    57
       Short sword       |       |    84 |   136 |       |       ||   220
       Rapier            |       |       |    24 |   385 |    95 ||   504
 Cast: Corona            |     7 |     1 |       |       |       ||     8
       Ensorcelled Hiber |    15 |    19 |    24 |    91 |    13 ||   162
       Tukima's Dance    |       |     1 |     2 |     4 |       ||     7
       Confuse           |       |       |    12 |    55 |    22 ||    89
       Dazzling Spray    |       |       |     3 |    33 |       ||    36
       Animate Dead      |       |       |       |     8 |     9 ||    17
Invok: Receive Corpses   |       |       |       |     5 |     9 ||    14
 Abil: Bat Form          |       |     3 |     3 |    12 |     6 ||    24
       End Transformatio |       |     3 |     3 |    12 |     5 ||    23
Evoke: Wand              |       |       |     1 |    10 |     2 ||    13
  Use: Scroll            |       |     4 |     9 |    13 |     3 ||    29
       Potion            |       |     3 |     1 |    10 |     1 ||    15
 Stab: Sleeping          |    21 |    19 |    42 |    89 |    14 ||   185
       Confused          |       |       |     3 |    22 |    10 ||    35
       Invisible         |       |       |     1 |    11 |       ||    12
       Distracted        |       |       |     1 |     4 |     2 ||     7
  Eat: Corpse            |       |     2 |     1 |     6 |     2 ||    11
Armor: Robe              |    15 |     9 |    31 |     8 |       ||    63
       Skin              |       |     9 |       |       |       ||     9
       Troll hide        |       |       |       |    51 |    12 ||    63
Dodge: Dodged            |    27 |    41 |    61 |   179 |    20 ||   328
Block: Buckler           |       |       |       |   147 |    14 ||   161
